AoeStats
← zbtl458613

Lombardia

508962159Analyzed
4v4 RM · 8d ago on Sep 24, 2026· 15m 26s· 8 players
Game mode
Random Map
Map size
Large (8 player)
Population
200
Speed
Normal
Resources
Standard
Victory
Conquest
Starting age
Dark Age
Ending age
Imperial Age
RankedLock teamsTeams togetherTeam positionsShared explorationLock speedFull tech treeHidden civsTurbo modeCheats
Victory
Defeat
🇨🇴 Hindustanis · Colombia
1653
+8
🇪🇸 Saracens · Spain
1437
+16
🇪🇨 Magyars · Ecuador
1428
+16
🇵🇪 Varangians · Peru
1427
+16
🇪🇸 Danes · Spain
1463
-15
🇨🇳 Mongols · China
1443
-14
🇺🇸 Saxons · United States
1437
-14
🇧🇩 Saracens · Bangladesh
1423
-13
boo
9:54 Feudal Age
13:51 Castle Age
11:49 Double-Bit Axe
12:34 Horse Collar
Sergio
11:11 Feudal Age
14:52 Castle Age
13:15 Double-Bit Axe
14:11 Loom
14:45 Horse Collar
zbtl458613
7:47 Loom
9:33 Feudal Age
11:07 Double-Bit Axe
11:04 Horse Collar
_Orca_
6:41 Loom
9:45 Feudal Age
12:14 Fletching
14:56 Double-Bit Axe
El coco
6:28 Loom
9:05 Feudal Age
9:32 Town Watch
9:35 Double-Bit Axe
10:54 Horse Collar
13:54 Forging
jmolinao
5:29 Loom
9:51 Feudal Age
10:39 Double-Bit Axe
11:50 Horse Collar
16:08 Forging
el adriano
6:46 Loom
9:17 Feudal Age
9:52 Double-Bit Axe
10:33 Horse Collar
Ing.Patrick QG
10:51 Feudal Age
14:43 Castle Age
12:43 Double-Bit Axe
13:34 Horse Collar
Connection lost

Rejoining the realm…

Still unreachable

The connection could not be restored.

Session expired

The server has moved on; the page needs a fresh start.